[Event ""]
[Site "FICS"]
[Date "2023-11-07"]
[Round "2"]
[White "pietroa"]
[Black "jones"]
[Result "0-1"]
[WhiteElo "2172"]
[BlackElo "2046"]
[TimeControl "2700+45"]
[Time "17:35:40"]
[PlyCount "31"]

1. d4 Nf6
2. e3 g6
3. a3 Bg7
4. b3 d6
5. Nf3 Nbd7
6. Bb2 c6
7. c4 Qc7
8. Bd3 e5
9. dxe5 dxe5
10. Be2 O-O
11. O-O Rd8
12. Nbd2 e4
13. Nd4 Ne5
14. b4 Neg4
15. h3 Qh2#
0-1